 Dungeon Sprint DCSS version 0.29-a0-925-g0a7a3d12f8 (webtiles) character file.

Game seed: 12515533326224660563

764 rocky1 the Spear-Bearer (level 7, -1/63 HPs)
             Began as a Merfolk Gladiator on July 28, 2022.
             Was a Believer of Okawaru.
             Slain by a catoblepas (18 damage)
             ... in the Dungeon (Sprint VII: "The Pits").
             The game lasted 00:03:40 (1191 turns).

rocky1 the Spear-Bearer (Merfolk Gladiator)         Turns: 1191, Time: 00:03:41

Health: -1/63      AC: 11    Str: 16    XL:     7   Next: 81%
Magic:  11/11      EV: 10    Int:  7    God:    Okawaru [**....]
Gold:   0          SH:  0    Dex: 16    Spells: 6/6 levels left

rFire   . . .      SeeInvis .   p - +0 trident (vorpal)
rCold   . . .      Faith    .   (no shield)
rNeg    . . .      Spirit   .   b - +3 ring mail
rPois   .          Reflect  .   c - +0 helmet
rElec   .          Harm     .   (no cloak)
rCorr   .          Rampage  .   (no gloves)
Will    .....      NoTele   +   (no boots)
Stlth   ++........              (no amulet)
HPRegen 0.20/turn               (no ring)
MPRegen 0.12/turn               (no ring)

@: heroic, petrifying, very slow
A: (nimble swimmer 2), mertail
a: Renounce Religion, Heroism


You were in the Dungeon.
You worshipped Okawaru.
Okawaru was pleased with you.
You visited 1 branch

Inventory:

Hand Weapons
 o - a +0 long sword of flaming
 p - a +0 vorpal trident (weapon)
 q - a +0 scythe
Missiles
 d - 2 throwing nets (quivered)
 e - a javelin
Armour
 b - a +3 ring mail (worn)
 c - a +0 helmet (worn)
Wands
 l - a wand of flame (2)
Scrolls
 k - a scroll of blinking
 m - 5 scrolls of amnesia
Potions
 a - 2 potions of invisibility
 f - 6 potions of curing
 g - 4 potions of heal wounds
 h - a potion of haste
 i - 4 potions of magic
 j - 2 potions of berserk rage


   Skills:
 + Level 8.4(13.4) Fighting
 + Level 11.7(16.7) Polearms
 - Level 2.0(7.0) Throwing
 + Level 5.5(10.5) Armour
 + Level 10.5(15.5) Dodging
 + Level 6.6 Invocations


You had 6 spell levels left.
You didn't know any spells.
Your spell library was empty.

Dungeon Overview and Level Annotations

Branches:
Dungeon (1/1)

Altars:
Ashenzari
Cheibriados
Dithmenos
Elyvilon
Fedhas
Gozag
Hepliaklqana
Kikubaaqudgha
Makhleb
Nemelex Xobeh
Okawaru
Qazlal
Ru
Sif Muna
Trog
Uskayaw
Vehumet
Wu Jian
Xom
Yredelemnul
Zin
The Shining One
Jiyva
Lugonu


Innate Abilities, Weirdness & Mutations

((You are very nimble when in or above water. (Stealth+, EV+, Speed+++)))
Your lower body shifts to a powerful aquatic tail in water.


Message History

The catoblepas is moderately wounded.
You are engulfed in calcifying dust.
The catoblepas closely misses you.
You hit the catoblepas.
You punch the catoblepas, but do no damage.
The catoblepas is heavily wounded.
You are engulfed in calcifying dust.
The catoblepas gores you!!
* * * LOW HITPOINT WARNING * * *
Unknown command.
You feel much better.
You are engulfed in calcifying dust.
You are slowing down.
You feel yourself speed up.
The catoblepas breathes a plume of calcifying dust at you.
The blast of calcifying dust hits you but does no damage.
Unknown command.
You feel much better. The catoblepas gores you!
The catoblepas barely misses you.
You have turned to stone.
The catoblepas completely misses you. The catoblepas gores you!
The catoblepas gores you!!
The catoblepas gores you but does no damage.
The catoblepas gores you but does no damage. x2
The catoblepas gores you.
The catoblepas breathes a plume of calcifying dust at you.
The blast of calcifying dust hits you but does no damage.
You are engulfed in calcifying dust.
The catoblepas gores you!!
You are engulfed in calcifying dust.
The catoblepas completely misses you.
You turn to flesh and can move again.
You hit the catoblepas.
The catoblepas is heavily wounded.
You are engulfed in calcifying dust.
You hit the catoblepas.
The catoblepas is heavily wounded.
You are engulfed in calcifying dust.
You are slowing down.
The catoblepas gores you!
* * * LOW HITPOINT WARNING * * *
You puncture the catoblepas!
The catoblepas is heavily wounded.
The catoblepas gores you!!
You die...

#.#..'...#.##.......#
#.#..'...[.##.......#
#†#..########...<...#
#.#..'.))).##.......#
#.#..#[))..##.......#
#'###########.......#
#.......#§.##########
#.###...#§## ###
#.#.....#@# r..#
#[#...#.#Y#....#
#.....#.#Wr....+
#...###.#'#....#
#.......)[#....#
########### ####


You could see a catoblepas, a wraith and a river rat.

Vanquished Creatures
  Sigmund (D)
  A redback (D)
  A water moccasin (D)
  An ogre (D)
  A centaur (D)
  A phantom (D)
  A scorpion (D)
  Terence (D)
  3 adders (D)
  A white imp (D)
  An ufetubus (D)
  2 adder skeletons (D)
  An orc (D)
  A ball python (D)
  A hobgoblin (D)
  A ball python skeleton (D)
  A jackal skeleton (D)
20 creatures vanquished.

Notes
Turn   | Place    | Note
-------+----------+-------------------------------------------
     0 | D        | rocky1 the Merfolk Gladiator began the quest for the Orb.
     0 | D        | Reached XP level 1. HP: 16/16 MP: 1/1
    21 | D        | Found a bloodstained altar of Trog.
    21 | D        | Found a shimmering blue altar of Sif Muna.
    21 | D        | Found a viscous altar of Jiyva.
    21 | D        | Found a hazy altar of Hepliaklqana.
    21 | D        | Found an opulent altar of Gozag.
    22 | D        | Found a glowing golden altar of the Shining One.
    22 | D        | Found a glowing silver altar of Zin.
    22 | D        | Found a basalt altar of Yredelemnul.
    22 | D        | Found a shimmering altar of Xom.
    22 | D        | Found an ornate altar of the Wu Jian Council.
    22 | D        | Found a sacrificial altar of Ru.
    22 | D        | Found a stormy altar of Qazlal.
    22 | D        | Found an iron altar of Okawaru.
    22 | D        | Found a sparkling altar of Nemelex Xobeh.
    22 | D        | Found a burning altar of Makhleb.
    22 | D        | Found a blossoming altar of Fedhas.
    22 | D        | Found a white marble altar of Elyvilon.
    22 | D        | Found a shadowy altar of Dithmenos.
    22 | D        | Found a snail-covered altar of Cheibriados.
    24 | D        | Found a radiant altar of Vehumet.
    24 | D        | Found a corrupted altar of Lugonu.
    25 | D        | Found a hide-covered altar of Uskayaw.
    25 | D        | Found an ancient bone altar of Kikubaaqudgha.
    25 | D        | Found a broken altar of Ashenzari.
    30 | D        | Became a worshipper of Warmaster Okawaru
    73 | D        | Reached skill level 5 in Polearms
    73 | D        | Reached skill level 1 in Armour
    73 | D        | Reached XP level 2. HP: 17/24 MP: 2/2
   171 | D        | Noticed a scorpion
   187 | D        | Killed a scorpion
   188 | D        | Reached skill level 7 in Polearms
   188 | D        | Reached XP level 3. HP: 10/31 MP: 3/3
   188 | D        | Reached XP level 4. HP: 12/38 MP: 4/4
   530 | D        | Reached skill level 8 in Polearms
   800 | D        | Noticed Sigmund
   800 | D        | Noticed a phantom
   809 | D        | Killed a phantom
   809 | D        | Reached * piety under Okawaru
   810 | D        | Reached skill level 5 in Fighting
   810 | D        | Reached skill level 9 in Polearms
   810 | D        | Reached XP level 5. HP: 46/46 MP: 4/6
   814 | D        | Killed Sigmund
   815 | D        | Reached skill level 10 in Polearms
   815 | D        | Reached XP level 6. HP: 53/53 MP: 4/9
   856 | D        | Noticed a water moccasin
   866 | D        | Killed a water moccasin
   867 | D        | Reached skill level 5 in Invocations
   867 | D        | Reached XP level 7. HP: 60/60 MP: 7/10
   878 | D        | Reached ** piety under Okawaru
   879 | D        | Reached skill level 11 in Polearms
   879 | D        | Reached skill level 5 in Armour
   881 | D        | Noticed a redback
   887 | D        | Killed a redback
   888 | D        | Reached skill level 10 in Dodging
  1125 | D        | Noticed Terence
  1150 | D        | Killed Terence
  1161 | D        | Noticed a catoblepas
  1161 | D        | Noticed a wraith
  1191 | D        | Slain by a catoblepas

Illustrated notes

Levels and vault maps discovered:
D:        pitsprint [storerooms_1, entrance_room_1, metal_vault_4, armoury_3,
          mini_pit_1, grid_room_1, main_hall_1, silver_pit, the_coven_3,
          the_vestibule_1, steel_vault_1, golden_pit, hallway_of_sentries,
          crystal_vault_4, iron_vault_3, final_vault]

Skill      XL: |  1  2  3  4  5  6  7 |
---------------+----------------------+-----
Fighting       | 3 4 5 6 7 8 |  8.4
Polearms       | 5 7 9 10 11 | 11.7
Armour         | 1 2 3 4 5 |  5.5
Dodging        | 6 7 8 9 10 | 10.5
Invocations    | 2 4 5 6 |  6.6
Throwing       | |  2.0

Action                   |  1- 3 |  4- 6 |  7- 9 || total
-------------------------+-------+-------+-------++-------
Melee: Trident           |    27 |    44 |    52 ||   123
       Punch             |       |       |     2 ||     2
Throw: Throwing net      |     1 |       |       ||     1
Invok: Heroism           |       |     1 |     1 ||     2
  Use: Potion            |       |     1 |     2 ||     3
 Stab: Sleeping          |     2 |       |       ||     2
       Held in net/web   |     1 |       |       ||     1
Armor: Leather armour    |     2 |       |       ||     2
       Ring mail         |       |    13 |    18 ||    31
Dodge: Dodged            |    11 |    33 |    24 ||    68

Table legend: (Time is in decaauts)
 A = Elapsed time spent in this place.
 B = Non-inter-level travel time spent in this place.
 C = Inter-level travel time spent in this place.
 D = Time resting spent in this place.
 E = Time spent auto-exploring this place.
 F = Levels seen in this place.
 G = Mean time per level.
                   A        B        C        D        E       F      G
               +--------+--------+--------+--------+--------+-----+--------+
         Total |   1174 |   1148 |     26 |    832 |      0 |   1 | 1174.0 |
       Dungeon |   1174 |   1148 |     26 |    832 |      0 |   1 | 1174.0 |
               +--------+--------+--------+--------+--------+-----+--------+

Top non-repeatable levels by time:
       D: 1174 daAuts
